[Event "Late-Titled-Tuesday-Blitz-June-18-2024"]
[Site "Chess.com"]
[Date "2024.06.18"]
[Round "7"]
[White "pirulillo"]
[Black "malakismayil"]
[Result "1-0"]
[WhiteElo "2417"]
[BlackElo "2548"]
[TimeControl "180+1"]
[EndTime "15:19:36 PDT"]
[Termination "pirulillo won on time"]

1. e4 e5 2. Bc4 Nc6 3. d3 Nf6 4. Nc3 Bc5 5. f4 d6 6. Nf3 a6 7. f5 h6 8. a3 Ne7 9. Qe2 c6 10. Be3 Bxe3 11. Qxe3 d5 12. exd5 cxd5 13. Nxe5 dxc4 14.
g4 cxd3 15. O-O-O Qc7 16. h4 Kf8 17. Rxd3 Bd7 18. Rhd1 Bc6 19. g5 hxg5 20. hxg5 Nfd5 21.
Nxd5 Nxd5 22. Qc5+ Qe7 23. Qd4 Qxg5+ 24. Kb1 Re8 25. Rf1 Qf6 26. Nxc6 bxc6 27. Qc5+ Qe7 28.
Qxc6 Nf6 29. Qxa6 Rh2 30. Qc4 Qe2 31. Rc1 Kg8 32. Qc3 Re7 33. Rg3 Kh7 34. Rcg1 Ne8 35. Rxg7+ Kh6 36. R7g3 Qe3 37. Rxe3 1-0

[Event "Late-Titled-Tuesday-Blitz-June-18-2024"]
[Site "Chess.com"]
[Date "2024.06.18"]
[Round "7"]
[White "Igor_Lysyj"]
[Black "DanielNaroditsky"]
[Result "0-1"]
[WhiteElo "2847"]
[BlackElo "3134"]
[TimeControl "180+1"]
[EndTime "15:19:39 PDT"]
[Termination "DanielNaroditsky won by checkmate"]

1. d4 Nf6 2. Nf3 g6 3. e3 Bg7 4. Be2 O-O 5. O-O d6 6. c4 Nbd7 7. Nc3 e5 8. Qc2 Re8 9. b3 e4 10. Nd2 Qe7 11. Bb2 Nf8 12. Rfc1 c6 13. b4 Bf5 14. Bf1 h5 15. a4 Ne6 16. Qd1 Nxd4 17. exd4 e3 18. Nf3 Ng4 19. d5 Nxf2 20.
Qe1 Bg4 21. Be2 Bxf3 22. Bxf3 Nd3 23. Qe2 Nf4 24. Qc2 e2 25. Qd2 Qe3+ 26. Qxe3 Rxe3 27.
dxc6 Rae8 28. cxb7 e1=Q+ 29. Rxe1 Rxe1+ 30. Rxe1 Rxe1+ 31. Kf2 Nd3+ 32. Kg3 Be5+ 33. Kh4 Bf6+ 34. Kg3 h4+ 35. Kg4 Nf2+ 36. Kf4 Nd3+ 37. Kg4 Kg7 38. b8=Q Nf2+ 39. Kf4 g5+ 40. Kf5 Re5# 0-1

[Event "Late-Titled-Tuesday-Blitz-June-18-2024"]
[Site "Chess.com"]
[Date "2024.06.18"]
[Round "7"]
[White "JackRodgers"]
[Black "farzadbfd"]
[Result "0-1"]
[WhiteElo "2558"]
[BlackElo "2704"]
[TimeControl "180+1"]
[EndTime "15:19:39 PDT"]
[Termination "farzadbfd won by resignation"]

1. d4 Nf6 2. Bg5 d5 3. Bxf6 gxf6 4. e3 c5 5. dxc5 e6 6. c4 dxc4 7. Nc3 Qxd1+ 8. Rxd1 Bxc5 9. Nf3 a6 10. Bxc4 b5 11.
Bd3 Bb7 12. Ne4 Be7 13. Bc2 f5 14. Nd6+ Bxd6 15. Rxd6 Ke7 16. Rd2 Rg8 17. Kf1 Nd7 18. h4 Rac8 19. Rh2 Bd5 20. a3 Nf6 21. Ne5 Rc5 22. b4 Bxg2+ 23. Rxg2 Rxe5 24. Rxg8 Nxg8 25. a4 Nf6 26. axb5 axb5 27. Rd4 Rd5 28. Bd3 Rxd4 29. exd4 Nd5 30. Bxb5 Nxb4 31. Ke2 Kd6 32. Be8 f6 33. h5 h6 34. Bf7 Kd5 35. Ke3 Nc2+ 36. Kd3 Nxd4 37.
Bg8 Nc6 38. f4 Nd4 39. Ke3 Kc5 40. Bf7 e5 41. Bg8 Nc2+ 42. Kd3 Nb4+ 43. Ke3 Nd5+ 44. Kf3 Nxf4 45. Bf7 Kd6 46. Bg6 Nxg6 47. hxg6 Ke7 0-1

[Event "Late-Titled-Tuesday-Blitz-June-18-2024"]
[Site "Chess.com"]
[Date "2024.06.18"]
[Round "7"]
[White "scandalgod"]
[Black "Byniolus"]
[Result "0-1"]
[WhiteElo "2622"]
[BlackElo "2761"]
[TimeControl "180+1"]
[EndTime "15:19:40 PDT"]
[Termination "Byniolus won by resignation"]

1. d4 d6 2. c4 e5 3. Nc3 exd4 4. Qxd4 Nc6 5. Qd2 Nf6 6. b3 a5 7. Bb2 a4 8. Rd1 axb3 9. axb3 Be7 10. Nf3 Bf5 11.
e3 Bg6 12. Bd3 O-O 13. Bxg6 hxg6 14. O-O Ra5 15. Rfe1 Re8 16. e4 Nd7 17. Nd5 Ra2 18. Qc1 Bf6 19. Nxf6+ gxf6 20. Qb1 Ra5 21. h3 Rh5 22. Rd5 Rxd5 23. exd5 Rxe1+ 24. Qxe1 Nce5 25. Nxe5 fxe5 26. Qc3 Qa8 27. Kh2 Qa2 28. f4 Qb1 29. fxe5 Nxe5 30. Qd2 Qe4 31. Bxe5 Qxe5+ 32. Kg1 Kg7 33.
Qd3 f5 34. Kf2 Kf6 35. Kf3 g5 36. g3 b6 37. b4 Qe1 38. g4 fxg4+ 39. Kxg4 Qh4+ 0-1

[Event "Late-Titled-Tuesday-Blitz-June-18-2024"]
[Site "Chess.com"]
[Date "2024.06.18"]
[Round "7"]
[White "urano56"]
[Black "dolynachess"]
[Result "1-0"]
[WhiteElo "2414"]
[BlackElo "2546"]
[TimeControl "180+1"]
[EndTime "15:19:40 PDT"]
[Termination "urano56 won on time"]

1. d4 Nf6 2. c4 c5 3. d5 b5 4. cxb5 a6 5. e3 g6 6. Nc3 Bg7 7. a4 O-O 8. Nf3 Bb7 9. Bc4 e6 10. dxe6 fxe6 11. O-O d5 12. Be2 axb5 13. Bxb5 Nbd7 14.
Ra3 Qc7 15. Ng5 Rae8 16. a5 e5 17. a6 Ba8 18. e4 h6 19. exd5 hxg5 20. d6 Qb6 21. Bc4+ Kh7 22. Na4 Qc6 23. Rh3+ Nh5 24. Rxh5+ gxh5 25. Qxh5+ Bh6 26. f3 Nf6 27. Qh3 Qxa4 28.
Bxg5 Qxc4 29. Qxh6+ Kg8 30. Bxf6 Qd4+ 31. Kh1 Kf7 32.
Bg7 Re6 33. Qh7 Ke8 34. Bxf8 Kxf8 35. Qh8+ Kf7 36. Qxa8 Rxd6 37. Qb7+ Ke6 38. a7 Qc4 39. Rg1 1-0

[Event "Late-Titled-Tuesday-Blitz-June-18-2024"]
[Site "Chess.com"]
[Date "2024.06.18"]
[Round "7"]
[White "ChessAdvanceUSA"]
[Black "VirtualCoach"]
[Result "0-1"]
[WhiteElo "2465"]
[BlackElo "2357"]
[TimeControl "180+1"]
[EndTime "15:19:41 PDT"]
[Termination "VirtualCoach won by resignation"]

1. Nc3 Nf6 2. d4 d5 3. e4 Nxe4 4. Nxe4 dxe4 5. f3 exf3 6. Nxf3 g6 7. Bc4 Bg7 8. O-O O-O 9. Ne5 e6 10. c3 c5 11. Be3 a6 12. Qf3 Qe7 13. Rae1 Ra7 14. Ng4 b5 15. Bd3 Bb7 16. Qh3 c4 17. Bc2 Bd5 18. Bh6 f5 19. Ne5 Nd7 20. Bxg7 Qxg7 21.
Nxd7 Rxd7 22. Re5 Rdf7 23. Bd1 g5 24. Qh5 Rf6 25. Qe2 Rh6 26. Qf2 Rh4 27. Bf3 Rf4 28.
Qe3 Bxf3 29. Rxf3 Rxf3 30. Qxf3 Re8 31. Qe3 Qf6 32. d5 Kf7 33. d6 Qd8 34. Qa7+ Kf6 35. Qd4 Kg6 36. d7 Re7 37. Qd6 Kf6 38. h4 gxh4 39.
Qd4 Kf7 40. Qxh4 Rxd7 41. Qxh7+ Kf6 42. Qh6+ Kxe5 43. Qe3+ Kd6 44. Qd4+ Kc7 45. Qa7+ Kd6 46. Qxa6+ Ke7 47. Qa3+ Rd6 48. Qa7+ Qd7 49. Qe3 Rd1+ 50.
Kh2 Qd6+ 51. g3 0-1

[Event "Late-Titled-Tuesday-Blitz-June-18-2024"]
[Site "Chess.com"]
[Date "2024.06.18"]
[Round "7"]
[White "Sacbutt"]
[Black "enriquebutti"]
[Result "0-1"]
[WhiteElo "2291"]
[BlackElo "2108"]
[TimeControl "180+1"]
[EndTime "15:19:41 PDT"]
[Termination "enriquebutti won by checkmate"]

1. d4 Nf6 2. c4 e6 3. Nf3 b6 4. g3 Ba6 5. b3 Bb4+ 6. Bd2 Be7 7.
Bg2 c6 8. O-O d5 9. Qc2 Nbd7 10.
Rd1 Rc8 11. Bf4 c5 12. Nbd2 b5 13. cxd5 Nxd5 14. dxc5 Bxc5 15. Qb2 O-O 16. Ne4 Qb6 17. Nxc5 Nxc5 18. Be5 f6 19. Bd4 b4 20. e4 Nc3 21.
Re1 e5 22. Bxc3 bxc3 23. Qxc3 Nxe4 24. Qb2 Bd3 25. Rad1 Rc2 26. Qxc2 Bxc2 27. Rc1 Qxf2+ 28. Kh1 Rd8 29. Rf1 Qc5 30. b4 Qc3 31. Ne1 Rd2 32.
Bxe4 Bxe4+ 33. Kg1 Qb2 34. Rc8+ Kf7 35. Rc7+ Kg6 36.
Nf3 Bxf3 37. Rxf3 Rg2+ 38. Kf1 Qe2# 0-1

[Event "Late-Titled-Tuesday-Blitz-June-18-2024"]
[Site "Chess.com"]
[Date "2024.06.18"]
[Round "7"]
[White "unbreakablepawn35"]
[Black "ArmanGhevondyanchess"]
[Result "0-1"]
[WhiteElo "2441"]
[BlackElo "2589"]
[TimeControl "180+1"]
[EndTime "15:19:42 PDT"]
[Termination "ArmanGhevondyanchess won by resignation"]

1. c4 Nf6 2. Nc3 d5 3. cxd5 Nxd5 4. e4 Nxc3 5. dxc3 Qxd1+ 6. Kxd1 Nd7 7. Kc2 e6 8. Bc4 Bc5 9. f3 Nb6 10. Bd3 a5 11. Ne2 a4 12. Bf4 Bd6 13. Rhd1 e5 14. Be3 Be6 15. Bb5+ Ke7 16. Rd2 Nc4 17. Bxc4 Bxc4 18.
f4 f6 19. fxe5 fxe5 20. Bg5+ Ke6 21. Ng3 h6 22. Be3 g6 23. Rdd1 h5 24. b3 Bb5 25.
c4 Bc6 26. h4 Be7 27. Rh1 axb3+ 28. axb3 Rxa1 29. Rxa1 Bxh4 30. Bf2 Rf8 31. Be1 Bxg3 32. Bxg3 Bxe4+ 33. Kd2 g5 34. Re1 Rd8+ 35. Kc1 Rd4 36. Bf2 Kf5 37. Bxd4 exd4 38. Rf1+ Kg4 39. Rf7 Bxg2 40.
Rxc7 h4 41. Kd2 h3 42. Rh7 Kg3 43. Kd3 h2 44. Kxd4 Bh3 0-1

[Event "Late-Titled-Tuesday-Blitz-June-18-2024"]
[Site "Chess.com"]
[Date "2024.06.18"]
[Round "7"]
[White "amintabatabaei"]
[Black "K_A_S_T_O_R"]
[Result "0-1"]
[WhiteElo "3022"]
[BlackElo "2851"]
[TimeControl "180+1"]
[EndTime "15:19:44 PDT"]
[Termination "K_A_S_T_O_R won by resignation"]

1. d4 Nf6 2. Nf3 e6 3. Bg5 h6 4.
Bh4 d6 5. Nbd2 g5 6. Bg3 Nh5 7. e4 Nxg3 8. hxg3 Bg7 9. c3 a6 10. Bd3 Nd7 11. Qe2 c5 12. Nc4 Qc7 13. d5 exd5 14. exd5+ Kf8 15. O-O-O Nf6 16. Rde1 b5 17. Ne3 Bd7 18. Nf5 Re8 19. Qd2 Nxd5 20. Rxe8+ Bxe8 21. Nxg7 Kxg7 22. Nxg5 Nf6 23. Nf3 Bd7 24. Qf4 Be6 25.
a3 Qe7 26. Nh4 Nd5 27. Qe4 Qg5+ 28. Kb1 Nf6 29. Qf4 Qd5 30. Nf5+ Bxf5 31. Qxf5 Qxf5 32.
Bxf5 Re8 33. Bd3 d5 34. Kc1 c4 35. Bf5 Re2 36. Rf1 Ne4 37. Bxe4 dxe4 38. Rd1 Rxf2 39.
Rd6 e3 40. Kd1 Rxb2 41. Rxa6 Rxg2 42. Rb6 Rxg3 43. Rxb5 Kg6 44. a4 f5 45. a5 f4 46.
a6 Rg1+ 47. Ke2 Ra1 48. Kf3 Rxa6 49. Kxf4 Re6 50. Rb1 e2 51. Rg1+ Kf6 52. Re1 Re5 53. Kf3 Kf5 54. Kf2 Kf4 0-1

[Event "Late-Titled-Tuesday-Blitz-June-18-2024"]
[Site "Chess.com"]
[Date "2024.06.18"]
[Round "7"]
[White "Goryachkina"]
[Black "MaestroCheck"]
[Result "1-0"]
[WhiteElo "2675"]
[BlackElo "2616"]
[TimeControl "180+1"]
[EndTime "15:19:46 PDT"]
[Termination "Goryachkina won by resignation"]

1. e4 c5 2. Nf3 e6 3. g3 d5 4.
exd5 exd5 5. Bg2 Qe7+ 6. Qe2 Qxe2+ 7. Kxe2 Nc6 8. d3 Bg4 9. Kf1 O-O-O 10. h3 Bxf3 11.
Bxf3 Nd4 12. Bd1 Nf6 13. Kg2 Bd6 14. c3 Nc6 15. Nd2 Ne5 16. Be2 Rhe8 17. Nf3 h6 18. Nxe5 Bxe5 19. Bf3 c4 20. dxc4 dxc4 21. Be3 Kb8 22.
Rad1 b6 23. Rhe1 Kc7 24. Rxd8 Rxd8 25. Bxh6 gxh6 26. Rxe5 Kd6 27. Re2 Rb8 28. g4 b5 29. a3 a5 30. Kg3 b4 31. axb4 axb4 32. cxb4 Rxb4 33. h4 Rb3 34. Kf4 Nd7 35. Rd2+ Ke7 36.
Bd5 Nb6 37. Bc6 c3 38. bxc3 Rxc3 39. Be4 Rc4 40. f3 f6 41. Kf5 Nd7 42. Ra2 h5 43.
gxh5 Rc5+ 44. Kg6 Ne5+ 45. Kg7 f5 46. Bxf5 Nxf3 47. Ra7+ Kd6 48. Bg6 Nxh4 49. h6 Nxg6 50. Kxg6 Rc1 51. h7 Rg1+ 52. Kf7 Rh1 53. Kg8 Rg1+ 54. Rg7 1-0

[Event "Late-Titled-Tuesday-Blitz-June-18-2024"]
[Site "Chess.com"]
[Date "2024.06.18"]
[Round "7"]
[White "MagnusCarlsen"]
[Black "DenLaz"]
[Result "0-1"]
[WhiteElo "3192"]
[BlackElo "3116"]
[TimeControl "180+1"]
[EndTime "15:19:47 PDT"]
[Termination "DenLaz won on time"]

1. e4 e5 2. Nf3 Nc6 3. Bb5 Nf6 4.
d3 Bc5 5. c3 O-O 6. O-O d5 7.
exd5 Qxd5 8. Bc4 Qd8 9. b4 Bd6 10. Nbd2 h6 11. Re1 Re8 12. a4 a6 13. Qb3 Be6 14. Ne4 Bf8 15. h3 Qxd3 16. Nxf6+ gxf6 17. Bxe6 Rxe6 18. Rd1 Qg6 19. Be3 f5 20. b5 Na5 21.
Qd5 f4 22. Nxe5 Qf5 23. Bd4 c5 24. Qf3 cxd4 25. cxd4 Rd8 26. Rac1 axb5 27. axb5 Bg7 28. g4 Qg5 29. Rc5 Bxe5 30. dxe5 Rxd1+ 31. Qxd1 b6 32. Rc8+ Kg7 33. Qd7 Qxe5 34. Qd8 Qe1+ 35. Kg2 f3+ 36. Kg3 Qg1+ 37. Kf4 Qh2+ 38. Kxf3 Qxh3+ 39. Kf4 Qh2+ 40. Kf3 Rf6+ 41. Ke4 Qf4+ 0-1

[Event "Late-Titled-Tuesday-Blitz-June-18-2024"]
[Site "Chess.com"]
[Date "2024.06.18"]
[Round "7"]
[White "marvinguevara"]
[Black "CoachVadim"]
[Result "0-1"]
[WhiteElo "2162"]
[BlackElo "2393"]
[TimeControl "180+1"]
[EndTime "15:19:47 PDT"]
[Termination "CoachVadim won by resignation"]

1. e4 c5 2. Nf3 d6 3. d4 cxd4 4.
Nxd4 Nf6 5. Nc3 a6 6. Be2 e5 7. Nb3 Be7 8. Be3 O-O 9. g4 Be6 10. g5 Nfd7 11. h4 Nc6 12. Nd5 Rc8 13. Qd2 a5 14. a4 Bxd5 15. exd5 Nb4 16. c3 Na6 17. h5 Nac5 18. Nxc5 Nxc5 19. Bxc5 Rxc5 20. g6 Bg5 21. gxh7+ Kxh7 22. Qd3+ f5 23. Rg1 e4 24. Qg3 Bh6 25. Qg6+ Kh8 26. Qe6 Rf6 27. Rg6 Rxe6 28. dxe6 Qe7 29. Rd1 d5 30. c4 dxc4 31. Rd7 Qe8 32.
Rxb7 Re5 33. Bxc4 Qxa4 34. b3 Qa1+ 35. Ke2 f4 36. Rb8+ Kh7 37. Rh8+ Kxh8 38. Rxh6+ gxh6 39. f3 Qb2+ 40. Kf1 exf3 0-1

[Event "Late-Titled-Tuesday-Blitz-June-18-2024"]
[Site "Chess.com"]
[Date "2024.06.18"]
[Round "7"]
[White "Dr_troll"]
[Black "Rsnr"]
[Result "0-1"]
[WhiteElo "2653"]
[BlackElo "2901"]
[TimeControl "180+1"]
[EndTime "15:19:48 PDT"]
[Termination "Rsnr won by checkmate"]

1. c4 c6 2. Nc3 d5 3. e3 Nf6 4. Nf3 e6 5. b3 Bd6 6. Bb2 O-O 7. Be2 a6 8. O-O e5 9. d3 Bg4 10. h3 Bh5 11. Rc1 Bg6 12. d4 e4 13. Ne5 Nbd7 14.
Nxg6 hxg6 15. f3 Qe7 16. fxe4 Nxe4 17. Nxe4 Qxe4 18. Qd3 Qe6 19. Bf3 Rae8 20. Rfe1 f5 21. cxd5 cxd5 22. b4 Bxb4 23. Qb3 Qb6 24. Qxd5+ Rf7 25.
Re2 Bd6 26. Qxb7 Qxb7 27. Bxb7 Rfe7 28. Bxa6 Rxe3 29. Rxe3 Rxe3 30. Bc4+ Kh7 31. a4 Nb6 32. Bb5 Rb3 33. Rc2 Bg3 34. Rc3 Rxb2 35. Rxg3 Nd5 36. Be8 Nf4 37. d5 Ne2+ 38. Kf2 Nxg3+ 39. Kxg3 Rd2 40.
Bc6 Kg8 41. Bb7 Ra2 42. Bc6 Kf7 43. d6 Ke6 44. d7 Ke7 45. Bb5 g5 46. Kf3 Ra3+ 47.
Kf2 g6 48. Bc6 Ra2+ 49. Kg3 Kd8 50. h4 Ra3+ 51. Kh2 gxh4 52. Bb5 g5 53. Bc6 f4 54.
Kg1 Kc7 55. Kf2 g4 56. Kf1 g3 57. Kg1 Ra1# 0-1

[Event "Late-Titled-Tuesday-Blitz-June-18-2024"]
[Site "Chess.com"]
[Date "2024.06.18"]
[Round "7"]
[White "ritanovikova"]
[Black "CheckBits"]
[Result "0-1"]
[WhiteElo "2212"]
[BlackElo "2401"]
[TimeControl "180+1"]
[EndTime "15:19:50 PDT"]
[Termination "CheckBits won by checkmate"]

1. e4 e5 2. Nf3 Nc6 3. Bc4 Bc5 4. c3 Nf6 5. d4 exd4 6. cxd4 Bb4+ 7. Bd2 Bxd2+ 8.
Nbxd2 d5 9. exd5 Nxd5 10. O-O O-O 11. Rc1 Nb6 12. Bb3 Bg4 13. h3 Bh5 14. g4 Bg6 15.
Nc4 Nxc4 16. Bxc4 Qd6 17. d5 Ne7 18. Qd4 Rfd8 19. Rfd1 Qb4 20. a3 Qb6 21. Ne5 Rd6 22. Qxb6 Rxb6 23. b4 Rd8 24. f4 Be4 25. d6 Rdxd6 26.
Rxd6 cxd6 27. Nxf7 d5 28. Ng5 Kf8 29. Nxe4 dxe4 30.
Ba2 Rd6 31. Rc3 Nc6 32. Bb3 Rd2 33. Re3 Nd4 34. Bd5 Nf3+ 35. Kf1 Nh2+ 36. Ke1 Nf3+ 37.
Kf1 Nh2+ 38. Kg1 Nf3+ 39. Kh1 Rxd5 40. Rxe4 Rd2 41. f5 Rh2# 0-1

[Event "Late-Titled-Tuesday-Blitz-June-18-2024"]
[Site "Chess.com"]
[Date "2024.06.18"]
[Round "7"]
[White "karinachess1"]
[Black "GM_dmitrij"]
[Result "1-0"]
[WhiteElo "2677"]
[BlackElo "3018"]
[TimeControl "180+1"]
[EndTime "15:19:52 PDT"]
[Termination "karinachess1 won on time"]

1. d4 Nf6 2. c4 g6 3. Nc3 Bg7 4.
e4 O-O 5. Nf3 d6 6. h3 e5 7. d5 a5 8. Be3 Na6 9. Nd2 Kh8 10. g4 Ng8 11. Be2 f5 12. f3 Bf6 13.
O-O Bg5 14. Bf2 Nf6 15. Nb3 b6 16. Kg2 Bf4 17. Bd3 fxg4 18. hxg4 h5 19. Rh1 Kg7 20. Be2 Rh8 21. Bh4 g5 22. Bg3 Bxg3 23. Kxg3 h4+ 24. Kh3 Nh7 25. Nd2 Nf8 26. Nf1 Ng6 27. Ne3 Bd7 28.
Rg1 Nc5 29. Kh2 Qf6 30. Nf5+ Kf7 31. Qd2 Nf4 32. b3 Rhd8 33. Rab1 c6 34. dxc6 Bxc6 35. Nd5 Bxd5 36. cxd5 Rac8 37. Bb5 Rc7 38. Rbc1 Kg6 39. Rc3 Rdc8 40. Rgc1 Qf8 41. a3 Qd8 42. Qc2 Na6 43. Bc6 Nb8 44. b4 axb4 45. axb4 b5 46. Qd2 Qf6 47.
Bxb5 Qd8 48. Bc6 Ra7 49. Qf2 Rcc7 50. b5 1-0

[Event "Late-Titled-Tuesday-Blitz-June-18-2024"]
[Site "Chess.com"]
[Date "2024.06.18"]
[Round "7"]
[White "rdarruda"]
[Black "ChessSwole"]
[Result "0-1"]
[WhiteElo "2568"]
[BlackElo "2743"]
[TimeControl "180+1"]
[EndTime "15:19:52 PDT"]
[Termination "ChessSwole won by resignation"]

1. d4 Nf6 2. Nf3 g6 3. g3 Bg7 4. Bg2 O-O 5. O-O d6 6. Nc3 Nc6 7. d5 Nb8 8. e4 c6 9. h3 a5 10.
Be3 a4 11. a3 Nbd7 12. Qd2 Qc7 13. Bh6 Nb6 14. Bxg7 Kxg7 15. b3 Bd7 16. Rfe1 Rfe8 17. Qd4 cxd5 18. exd5 Rac8 19. Re3 Qc5 20. Qxc5 Rxc5 21.
Nxa4 Bxa4 22. bxa4 Nbxd5 23. Rb3 b6 24. Nd4 Rc4 25. Rd1 Rxa4 26. Bxd5 Nxd5 27. Nf5+ gxf5 28. Rxd5 Kf6 29. Rf3 e6 30. Rxd6 Rc8 31. Rxb6 Rxc2 32. Rbb3 Ra2 33. Kg2 h5 34. h4 Rc4 35. Rfc3 Re4 36. Re3 Rg4 37. Rf3 Kg6 38. Rbc3 Rd4 39. Rfd3 Rxd3 40. Rxd3 Kf6 41. Rb3 Ke5 42. Kf3 Kd4 43.
Rb4+ Kc5 44. Ra4 e5 45. Ra5+ Kd4 46. Ra4+ Kd3 47. Ra5 e4+ 48. Kg2 f4 49. gxf4 e3 50. Rd5+ Kc4 51. Re5 Rxf2+ 52. Kg3 Kd3 53. Rd5+ Ke4 54.
Re5+ Kd4 55. Re7 Rf1 56. Kg2 Rf2+ 57. Kg3 f6 58. a4 Ra2 59. Kf3 Rf2+ 60. Kg3 Kd3 61. a5 Rf1 62. Kg2 e2 63. Rd7+ Kc4 0-1

[Event "Late-Titled-Tuesday-Blitz-June-18-2024"]
[Site "Chess.com"]
[Date "2024.06.18"]
[Round "7"]
[White "noblerone"]
[Black "Supergiuly"]
[Result "1/2-1/2"]
[WhiteElo "2528"]
[BlackElo "2354"]
[TimeControl "180+1"]
[EndTime "15:19:53 PDT"]
[Termination "Game drawn by agreement"]

1. d4 g6 2. Nf3 Bg7 3. c4 d6 4. Nc3 Nf6 5. Bg5 O-O 6. e3 c5 7.
d5 e6 8. Be2 exd5 9. Nxd5 Be6 10. Nxf6+ Bxf6 11. Bxf6 Qxf6 12. Qd2 Nc6 13. O-O Rfd8 14.
Rfd1 d5 15. cxd5 Bxd5 16. Qc2 b6 17. a3 Ne5 18. Nxe5 Qxe5 19. Rxd5 Qxd5 20. Bf3 Qe5 21. Bxa8 Rxa8 22. Rd1 Qe7 23. Qd2 h5 24. h3 Re8 25.
Qd5 Kg7 26. g3 Qf6 27. b4 cxb4 28. axb4 Qe7 29. b5 Rc8 30. Qd4+ Kh7 31. Qd7 Re8 32.
Qd5 Qe6 33. Qxe6 Rxe6 34. Rd7 Kg7 35. Rxa7 Re5 36. Kg2 Rxb5 37. g4 hxg4 38. hxg4 Rb1 39. Kg3 b5 40. Rb7 b4 41. g5 b3 42. Kf4 b2 43. Ke5 Rg1 44. Rxb2 Rxg5+ 45. Kf4 Rf5+ 46. Kg4 Kh6 47. f4 Kg7 48. e4 Ra5 49. e5 Ra6 50.
Rb7 Re6 51. Kg5 Ra6 52. Re7 Rb6 53. Ra7 Rc6 54. f5 gxf5 55. Kxf5 Rh6 56. Rb7 Rh5+ 57.
Ke4 Kg6 58. Rb6+ Kg7 59. Rb7 Rh6 60. Kf5 Ra6 61. Rc7 Rb6 62. Ra7 Re6 63. Rb7 Rh6 64. Ra7 Rh5+ 65. Kf4 1/2-1/2

[Event "Late-Titled-Tuesday-Blitz-June-18-2024"]
[Site "Chess.com"]
[Date "2024.06.18"]
[Round "7"]
[White "JoakimVonAnd"]
[Black "bazar-wokzal"]
[Result "1-0"]
[WhiteElo "2748"]
[BlackElo "2597"]
[TimeControl "180+1"]
[EndTime "15:19:55 PDT"]
[Termination "JoakimVonAnd won by checkmate"]

1. d4 Nf6 2. c4 Nc6 3. Nf3 e6 4. Nc3 Bb4 5. e3 Bxc3+ 6. bxc3 b6 7. Bd3 Na5 8. e4 d6 9. O-O Ba6 10. Bg5 Qd7 11. e5 Ng8 12. Qe2 Ne7 13. Rfe1 h6 14. Bh4 g5 15. Bg3 d5 16. cxd5 Bxd3 17. Qxd3 Nxd5 18.
c4 Ne7 19. Qe4 Rd8 20. Rac1 Qa4 21. Qe2 Nf5 22. d5 g4 23. Nd2 Qxa2 24. Bf4 h5 25.
Bg5 Rd7 26. Ne4 Qxe2 27. Nf6+ Kd8 28. Nxd7+ Kxd7 29. Rxe2 Rg8 30. Bf6 Nb3 31. Rb1 Nc5 32. Kf1 a5 33. Rd2 a4 34. dxe6+ Kxe6 35. Bd8 Nb3 36.
Rd3 Nc5 37. Rdd1 Na6 38. Ra1 Kxe5 39. Rxa4 Nc5 40. Raa1 Ne6 41. Rd5+ Kf4 42. g3+ Kf3 43. Rxf5+ Ke4 44. Rd5 Rxd8 45. Re1+ Kf3 46. Re3# 1-0

[Event "Late-Titled-Tuesday-Blitz-June-18-2024"]
[Site "Chess.com"]
[Date "2024.06.18"]
[Round "7"]
[White "artin10862"]
[Black "Hikaru"]
[Result "0-1"]
[WhiteElo "2938"]
[BlackElo "3293"]
[TimeControl "180+1"]
[EndTime "15:19:56 PDT"]
[Termination "Hikaru won on time"]

1. c4 e5 2. Nc3 Nf6 3. e3 d5 4.
cxd5 Nxd5 5. Qh5 Nb4 6. Qxe5+ Be7 7. Qe4 g6 8. Qb1 Bf5 9. e4 Be6 10. Nf3 c5 11. Bb5+ N4c6 12. d3 O-O 13. h3 a6 14.
Bc4 b5 15. Bd5 b4 16. Bxe6 fxe6 17. Nd1 Ra7 18. Bh6 Rf7 19. Ne3 Rd7 20. O-O Rxf3 21.
gxf3 Bg5 22. Bxg5 Qxg5+ 23. Kh1 Ne5 24. Rg1 Qf4 25. Rg3 Nxd3 26. Qc2 Nc6 27. Rd1 Nce5 28. Kg2 Rd4 29. Ng4 c4 30. b3 Nxg4 31. Rxg4 Qd6 32. bxc4 Nf4+ 33. Rxf4 Rxd1 34. e5 Qd3 35. Qxd3 Rxd3 36. c5 a5 37. Rc4 Rc3 38. Rd4 Rxc5 39. f4 Rc2 40. Rd6 Rxa2 41. Rxe6 b3 42. Rb6 a4 43. e6 Kf8 44. Rb7 b2 45. Kf3 a3 46.
Ke4 Ra1 47. f5 b1=Q+ 48. Rxb1 Rxb1 0-1

[Event "Late-Titled-Tuesday-Blitz-June-18-2024"]
[Site "Chess.com"]
[Date "2024.06.18"]
[Round "7"]
[White "mishanick"]
[Black "Polish_fighter3000"]
[Result "1-0"]
[WhiteElo "3159"]
[BlackElo "3094"]
[TimeControl "180+1"]
[EndTime "15:19:57 PDT"]
[Termination "mishanick won on time"]

1. d4 Nf6 2. c4 e6 3. Nc3 d5 4. Bg5 Be7 5. e3 Nbd7 6. Qc2 O-O 7. cxd5 exd5 8. Nf3 c6 9. Bd3 Re8 10. O-O Nf8 11.
h3 g6 12. Bh6 Ne6 13. Ne5 Ng7 14. g4 Nd7 15. f4 Nxe5 16. fxe5 Bg5 17. Bxg5 Qxg5 18. Qf2 Be6 19. Kh2 h5 20. gxh5 Qxh5 21. Qg3 Qh6 22. Rf3 Re7 23. Rg1 Kh7 24. Ne2 Rh8 25. Nf4 Bf5 26. Bxf5 Nxf5 27. Qg4 Qh4 28. Qg2 Nxe3 29. Qd2 Nf5 30. Rg4 Qh6 31. Qd3 Nh4 32. Rfg3 Nf5 33. Rg2 Nh4 34. Rxh4 Qxh4 35. Nxg6 Qe4 36. Qxe4 dxe4 37. Nxe7 Rd8 38. Nf5 c5 39. dxc5 Rd5 40. Kg3 Rxe5 41. Kf4 Rxc5 42. Ne3 Ra5 43. a3 Kh6 44. Kxe4 Rb5 45. Kf4 a5 46. Nf5+ Kh7 47.
Kg5 Rb6 48. Re2 Rg6+ 49. Kf4 Rb6 50. h4 Kg6 51. Rg2+ Kf6 52. Ne3 Rc6 53. Rg5 1-0

[Event "Late-Titled-Tuesday-Blitz-June-18-2024"]
[Site "Chess.com"]
[Date "2024.06.18"]
[Round "7"]
[White "Dexter_Dyke"]
[Black "arctic_t00"]
[Result "1-0"]
[WhiteElo "2523"]
[BlackElo "2697"]
[TimeControl "180+1"]
[EndTime "15:19:57 PDT"]
[Termination "Dexter_Dyke won by resignation"]

1. e4 e6 2. d4 d5 3. e5 c5 4.
c3 Nc6 5. Nf3 Qb6 6. Be2 Bd7 7.
O-O cxd4 8. cxd4 Nh6 9. Nc3 Nf5 10. Na4 Qd8 11. a3 Be7 12. b4 O-O 13. Nc5 b6 14. Nb3 a6 15. Be3 f6 16. exf6 Bxf6 17. Rc1 Na7 18.
Ne5 Bxe5 19. dxe5 Nxe3 20. fxe3 Qg5 21. Qd4 Nc6 22. Rxc6 Bxc6 23. h4 Rxf1+ 24. Bxf1 Qd8 25. Bd3 Ba4 26. Nd2 Bb5 27. Bb1 Rc8 28. Kh2 Qc7 29.
Nf3 h6 30. Qg4 Qf7 31. Bg6 Qe7 32. Nd4 Be8 33. Bd3 Bf7 34. Bxa6 Ra8 35. b5 Re8 36. a4 Qa3 37. Qg3 Qxa4 38. Bb7 Qc4 39. Bc6 Rf8 40.
Bd7 Qc5 41. Bxe6 Re8 42. Nf5 Qf8 43. Nxh6+ Kh7 44. Nxf7 Rxe6 45. Ng5+ Kh6 46. Nxe6 Qe7 47. Qg5+ 1-0

[Event "Late-Titled-Tuesday-Blitz-June-18-2024"]
[Site "Chess.com"]
[Date "2024.06.18"]
[Round "7"]
[White "js20000"]
[Black "OparinGrigoriy"]
[Result "0-1"]
[WhiteElo "2807"]
[BlackElo "3015"]
[TimeControl "180+1"]
[EndTime "15:19:58 PDT"]
[Termination "OparinGrigoriy won by checkmate"]

1. e4 c5 2. Nf3 Nc6 3. Bb5 e5 4. c3 a6 5. Ba4 b5 6. Bb3 c4 7. Bc2 Nf6 8. b3 d5 9. exd5 Qxd5 10. bxc4 bxc4 11. O-O Bc5 12. Ba4 O-O 13. Ba3 Bb7 14. Bxc5 Qxc5 15. Qe2 Rfe8 16. Qe3 Qa5 17. Bc2 e4 18.
Nd4 Ne5 19. Qg3 Nd3 20. a4 Re5 21. Na3 Rg5 22. Nxc4 Qc5 23. Qe3 Ng4 24. Nb3 Qc7 25.
Qg3 Qxc4 26. h3 e3 27. fxe3 h5 28. e4 Rd8 29. hxg4 Rxg4 30. Bxd3 Rxd3 31. Qb8+ Bc8 32. Nd4 Kh7 33. Qe5 Rdg3 34. Qxh5+ Kg8 35. Rf2 Bb7 36. Qe5 Bxe4 37. Nf5 Rxg2+ 38. Rxg2 Rxg2+ 39. Kh1 Rxd2+ 40. Kg1 Rg2+ 41. Kh1 Ra2+ 42. Kg1 Rxa1+ 43. Kh2 Rh1+ 44. Kg3 Qd3+ 45. Kf4 Qf3+ 46. Kg5 Rg1+ 47. Ng3 Rxg3+ 48. Qxg3 Qxg3+ 49. Kh5 Bg6# 0-1

[Event "Late-Titled-Tuesday-Blitz-June-18-2024"]
[Site "Chess.com"]
[Date "2024.06.18"]
[Round "7"]
[White "monomita"]
[Black "newyorkmouse"]
[Result "0-1"]
[WhiteElo "2751"]
[BlackElo "2606"]
[TimeControl "180+1"]
[EndTime "15:19:58 PDT"]
[Termination "newyorkmouse won on time"]

1. d4 Nf6 2. Nc3 d5 3. Bf4 c5 4. e3 cxd4 5. exd4 Bg4 6. Nf3 Nc6 7.
Bb5 e6 8. h3 Bxf3 9. Qxf3 Bd6 10.
O-O-O a6 11. Be2 b5 12. g4 Bxf4+ 13. Qxf4 Qa5 14. g5 Nd7 15. Rhe1 b4 16. Nxd5 Qxd5 17. Bf3 Qc4 18. Qd6 Rc8 19. Bd5 Qb5 20. Bxe6 fxe6 21.
Rxe6+ Kd8 22. d5 Nb8 23. Qe7+ Kc7 24. Qxg7 Rhe8 25. Qxh7 Kb7 26. g6 Rh8 27. Qe7 Qc4 28. Re2 Qxa2 29. Qxb4+ Ka8 30. Re3 a5 31. Qd4 Nc5 32.
g7 Nb3+ 33. Rxb3 Qxb3 34. Qe4 Rhe8 35. g8=Q Rxc2+ 36. Qxc2 Qxc2+ 37. Kxc2 Rxg8 38. Kd3 Rg2 39. Rf1 Rh2 40. f4 Rxh3+ 41. Kd4 Nd7 42. d6 Kb7 43.
Kd5 Rd3+ 0-1